 Dungeon Crawl Stone Soup version 0.18-a0-128-g78ce890 (webtiles) character file.

241 Proton the Covered (level 6, -1/73 HPs)
             Began as a Formicid Fighter on Nov 22, 2015.
             Succumbed to poison (a potion of poison)
             ... on level 3 of the Dungeon.
             The game lasted 00:06:20 (2011 turns).

Proton the Covered (Formicid Fighter)               Turns: 2011, Time: 00:06:21

Health: -1/73      AC: 23    Str: 23    XL:     6   Next: 30%
Magic:  6/6        EV:  2    Int:  7    God:
Gold:   132        SH: 10    Dex: 15    Spells: 0 memorised, 5 levels left

rFire  . . .     SeeInvis .     a - +0 war axe
rCold  . . .     Clarity  .     (armour currently unavailable)
rNeg   + + +     SustAt   .     c - +0 shield
rPois  +         Gourm    .     (helmet unavailable)
rElec  .         Spirit   .     (cloak currently unavailable)
rCorr  .         Warding  .     (gloves currently unavailable)
rMut   .         Stasis   +     (boots currently unavailable)
MR     .....                    (no amulet)
Stlth  ++........               (no ring)
                                (no ring)

@: agile, lethally poisoned (-1 -> -22), tree-form, not resistant to hostile
enchantments, unstealthy
A: permanent stasis, dig shafts and tunnels, four strong arms, (antennae 0)
a: no special abilities


You were on level 3 of the Dungeon.
You were not hungry.
You were a tree.
You visited 1 branch of the dungeon, and saw 4 of its levels.

You collected 132 gold pieces.

Inventory:

Hand Weapons
 a - a +0 war axe (weapon)
Armour
 b - a +0 scale mail (melded)
 c - a +0 shield (worn)
 i - a +0 cloak (melded)
 t - a +2 pair of gloves (melded)
Jewellery
 j - a +2 ring of intelligence {unknown}
Wands
 s - a wand of slowing (33)
Scrolls
 g - 3 scrolls of identify {unknown}
 k - 2 scrolls of magic mapping {unknown}
 l - a scroll of enchant armour {unknown}
 m - a scroll of fear {unknown}
 o - a scroll of fog {unknown}
 q - 2 scrolls of teleportation {unknown}
 v - a scroll of blinking {unknown}
 y - a scroll of remove curse {unknown}
Potions
 d - 2 potions of might
 h - 2 potions of agility
 r - a potion of haste
Comestibles
 e - 3 bread rations
 f - 3 fruits
 p - a meat ration


   Skills:
 + Level 4.3 Fighting
 + Level 3.3 Axes
 + Level 4.5 Armour
 + Level 2.0 Dodging
 + Level 4.5 Shields


You had 5 spell levels left.
You didn't know any spells.

Dungeon Overview and Level Annotations

Branches:
Dungeon (4/15)
 Temple: D:4-7

Altars:
Ashenzari


Innate Abilities, Weirdness & Mutations

You are under a permanent stasis effect.
You can dig through walls and to a lower floor.
Your four strong arms can wield two-handed weapons with a shield.
((You have a pair of large antennae on your head (SInv).))


Message History

* * * LOW HITPOINT WARNING * * *
You feel sick.
Drink which item? (? for menu, Esc to quit)
It was a potion of haste.
This potion cannot work under stasis.
Drink which item? (? for menu, Esc to quit)
It was a potion of magic.
Magic courses through your body.
* * * LOW HITPOINT WARNING * * *
You feel sick.
Drink which item? (? for menu, Esc to quit)
It was a potion of poison.
That liquid tasted very nasty...
You are more poisoned.
* * * LOW HITPOINT WARNING * * *
You feel sick.
Drink which item? (? for menu, Esc to quit)
It was a potion of lignification.
You turn into a tree.
Your +0 cloak melds into your body.
Your +2 pair of gloves melds into your body.
Your +0 scale mail melds into your body.
Your roots penetrate the ground.
You die...

#######################.#........
...........#...<.### #.#........
..###......#.......# #.......#.#
..##.......#.......# ###.......#
..#......#.........# #.........
.........#.........#####.........
.........#.........##.....†......
.........'...............>.......
.........#......♣......<...####.#
.........#.............(...# #.#
..............†..#.........####.#
....##.##....>...............##.#
....##.##....................##.#
........#....................##.#
..###...#.............###........
†####.................# ####....#
.#..............[.....######.....


There were no monsters in sight!

Vanquished Creatures
  Crazy Yiuf (D:2)
  Ijyb (D:3)
  Jessica (D:3)
  2 orc wizards (D:3)
  A worker ant (D:3)
  4 adders
  An ooze (D:2)
  3 giant geckos
  2 orcs (D:3)
  8 goblins
  4 hobgoblins
  7 jackals
  2 quokkas (D:3)
  2 bats
  3 giant newts
  A jackal skeleton (D:4)
  4 kobolds
  8 rats
55 creatures vanquished.

Vanquished Creatures (others)
  A worker ant (D:4)
  An adder (D:4)
  A giant newt (D:4)
3 creatures vanquished.

Grand Total: 58 creatures vanquished

Notes
Turn   | Place    | Note
--------------------------------------------------------------
     0 | D:1      | Proton the Formicid Fighter began the quest for the Orb.
     0 | D:1      | Reached XP level 1. HP: 18/18 MP: 1/1
    66 | D:1      | Reached XP level 2. HP: 20/24 MP: 2/2
   532 | D:2      | Found a faded altar to an unknown god.
   570 | D:2      | Found a shattered altar of Ashenzari.
   580 | D:2      | Saw a vision of the Shoals and the Spider Nest.
   580 | D:2      | Noticed a merfolk
   580 | D:2      | Noticed a merfolk
   580 | D:2      | Noticed a sea snake
   580 | D:2      | Noticed a siren
   580 | D:2      | Noticed a centaur
   580 | D:2      | Noticed a merfolk
   580 | D:2      | Noticed a wolf spider
   580 | D:2      | Noticed a redback
   580 | D:2      | Noticed a wolf spider
   580 | D:2      | Noticed a spider
   580 | D:2      | Noticed a wolf spider
   581 | D:2      | Noticed a merfolk
   583 | D:2      | Noticed a spider
   670 | D:2      | Reached XP level 3. HP: 29/29 MP: 3/3
   779 | D:2      | Reached skill level 1 in Dodging
   990 | D:2      | Reached XP level 4. HP: 29/36 MP: 4/4
  1114 | D:2      | Noticed Crazy Yiuf
  1122 | D:2      | Killed Crazy Yiuf
  1122 | D:2      | Reached skill level 4 in Armour
  1228 | D:3      | Noticed Jessica
  1246 | D:3      | Killed Jessica
  1246 | D:3      | Reached XP level 5. HP: 34/42 MP: 5/5
  1687 | D:3      | Noticed Ijyb
  1722 | D:3      | Killed Ijyb
  1797 | D:3      | Reached XP level 6. HP: 43/48 MP: 6/6
  2010 | D:3      | HP: 1/49 [poison (a potion of poison)]
  2011 | D:3      | Succumbed to poison (a potion of poison)

Vault maps used:
D:1:      dpeg_arrival_long_road
D:2:      ecumenical_altar_2, first_bread, grunt_ashenzari_visionary,
          uniq_crazy_yiuf_cottage
D:3:      minmay_door_path, uniq_jessica, uniq_iyjb
D:4:      xom_confusion_cloud, okawaru_altar_gauntlet_db, tgw_kikubaaqudgha,
          uniq_edmund, uniq_duvessa, uniq_grinder

Action                   |  1- 3 |  4- 6 || total
-------------------------+-------+-------++-------
Melee: War axe           |    99 |   139 ||   238
  Use: Potion            |       |     4 ||     4
  Eat: Fruit             |       |     1 ||     1
       Pizza             |       |     1 ||     1
       Bread ration      |       |     1 ||     1
